Map: Путь на Айур РВ

Players

Colt

  • Race: Terran Terran
  • League: Silver
  • Spawn Location: 5:00

ИИ 1 (эксперт) - Winner!

  • Race: Protoss Protoss
  • Spawn Location: 11:00

VOD

Have the link to the VOD?

Description

Time

  • Played on: Sept. 19, 2017, 3:26 p.m.
  • Length: 4:44
Show
View Real Time Build Order
Export as new Build Order

Colt Terran 

Build Orders:  

Get SALT Encoding   

  12  0:02  SCV  
  13  0:18  Supply Depot  
  13  0:20  SCV  
  14  0:33  Refinery  
  14  0:34  SCV  
  15  0:43  Barracks  
  15  0:48  SCV  
  16  0:57  Supply Depot  
  16  1:03  SCV  
  17  1:09  Refinery  
  17  1:16  SCV  
  18  1:29  SCV  
  18  1:32  Reaper  
  20  1:40  Engineering Bay  
  20  1:41  SCV  
  21  1:57  SCV  
  22  2:20  SCV  
  22  2:27  Marine  
  23  2:40  Barracks  
  23  2:46  Command Center  
  23  2:47  Marine  
  23  2:49  SCV  
  25  3:29  SCV  
  25  3:36  Marine  
  25  3:39  Barracks Tech Lab  
  26  3:41  SCV  
  26  3:44  Factory  
  27  3:54  SCV  
  28  3:57  Marine  
  29  4:03  Marauder  
  30  4:15  Marine  
Show
View Real Time Build Order
Export as new Build Order

ИИ 1 (эксперт) Protoss - Winner!

Build Orders: 1 Gate Expand, Nexus First 

Get SALT Encoding   

  12  0:01  Probe (Chrono Boost)  
  12  0:03  Pylon  
  13  0:07  Nexus  
  13  0:11  Probe (Chrono Boost)  
  13  0:13  Assimilator  
  14  0:22  Probe (Chrono Boost)  
  14  0:26  Gateway  
  15  0:32  Probe (Chrono Boost)  
  16  0:43  Probe (Chrono Boost)  
  17  0:53  Probe (Chrono Boost)  
  18  0:57  Pylon  
  18  0:58  Assimilator  
  18  1:10  Zealot  
  18  1:16  Cybernetics Core  
  20  1:33  Zealot  
  22  1:43  Nexus  
  22  1:53  Warp Gate  
  22  1:56  Forge  
  22  1:57  Probe (Chrono Boost)  
  22  1:59  Probe (Chrono Boost)  
  25  2:09  Probe (Chrono Boost)  
  25  2:10  Probe (Chrono Boost), Zealot  
  28  2:20  Probe (Chrono Boost)  
  28  2:21  Probe (Chrono Boost)  
  30  2:25  Protoss Ground Weapons Level 1  
  30  2:26  Pylon  
  30  2:32  Probe (Chrono Boost)  
  30  2:33  Probe (Chrono Boost)  
  32  2:43  Probe (Chrono Boost)  
  34  2:44  Assimilator  
  34  2:45  Probe (Chrono Boost), Zealot  
  34  2:51  Stalker, Zealot x2  
  34  2:54  Probe (Chrono Boost)  
  34  2:55  Probe (Chrono Boost)  
  34  2:56  Probe (Chrono Boost)  
  40  3:05  Probe (Chrono Boost)  
  40  3:06  Probe (Chrono Boost)  
  40  3:08  Probe (Chrono Boost)  
  42  3:16  Assimilator, Probe (Chrono Boost)  
  42  3:17  Probe (Chrono Boost)  
  42  3:19  Stalker, Probe (Chrono Boost)  
  54  3:28  Probe x2 (Chrono Boost)  
  54  3:30  Probe (Chrono Boost)  
  56  3:38  Robotics Facility  
  56  3:39  Probe (Chrono Boost)  
  56  3:40  Assimilator  
  58  3:41  Probe (Chrono Boost)  
  58  3:43  Probe (Chrono Boost)  
  58  3:48  Pylon  
  59  3:50  Probe (Chrono Boost), Zealot  
  59  3:52  Probe (Chrono Boost), Pylon  
  62  3:55  Probe (Chrono Boost)  
  62  4:00  Pylon  
  62  4:01  Probe (Chrono Boost)  
  62  4:02  Assimilator  
  63  4:03  Probe (Chrono Boost)  
  63  4:06  Probe (Chrono Boost)  
  65  4:10  Stalker  
  65  4:12  Probe (Chrono Boost)  
  65  4:14  Probe (Chrono Boost)  
  70  4:17  Probe (Chrono Boost)  
  70  4:23  Probe (Chrono Boost)  
  71  4:26  Twilight Council, Probe (Chrono Boost)  
  71  4:29  Probe (Chrono Boost)  
  71  4:31  Stalker  
  71  4:34  Probe (Chrono Boost)  
  71  4:42  Gateway  
Tags
 
Add a new tag
Caveats
  • Supply blocks, unpowered buildings, or Contaminate may cause inaccurate times.
  • Supply counts are checked every 10 seconds.